Map: [ESL] Cosmic Sapphire

Players

ShaDoWn

  • Race: Protoss Protoss
  • Spawn Location: 5:00

Bly - Winner!

  • Race: Zerg Zerg
  • Spawn Location: 11:00

Event: DreamHack SC2 Masters 2022 Atlanta (Online)

VOD

Have the link to the VOD?

Description

Time

  • Played on: Sept. 30, 2022, 2:33 p.m.
  • Length: 16:15

All games in this series

Show
View Real Time Build Order
Export as new Build Order

ShaDoWn Protoss 

Build Orders: 1 Gate Expand, Oracle Opening 

Get SALT Encoding   

  12  0:00  Probe  
  13  0:12  Probe  
  14  0:20  Pylon  
  14  0:24  Probe  
  15  0:38  Gateway, Probe (Chrono Boost)  
  16  0:44  Assimilator  
  16  0:48  Probe (Chrono Boost)  
  17  0:53  Probe (Chrono Boost)  
  18  1:04  Probe  
  19  1:16  Probe  
  20  1:24  Nexus  
  20  1:33  Cybernetics Core  
  20  1:37  Probe  
  21  1:43  Assimilator  
  21  1:49  Probe  
  21  1:52  Pylon  
  22  2:01  Probe (Chrono Boost)  
  23  2:10  Adept  
  23  2:13  Probe (Chrono Boost)  
  26  2:18  Stargate, Probe (Chrono Boost)  
  27  2:27  Probe (Chrono Boost)  
  27  2:28  Warp Gate  
  30  2:37  Probe (Chrono Boost)  
  30  2:38  Probe (Chrono Boost)  
  30  2:42  Stalker  
  33  2:44  Probe (Chrono Boost)  
  33  2:46  Probe (Chrono Boost)  
  33  2:49  Probe (Chrono Boost)  
  34  2:55  Probe  
  36  3:01  Probe  
  37  3:06  Oracle (Chrono Boost)  
  37  3:08  Probe  
  41  3:14  Probe  
  42  3:20  Probe  
  42  3:23  Pylon  
  42  3:26  Probe  
  44  3:32  Probe  
  45  3:38  Oracle (Chrono Boost), Probe  
  49  3:42  Nexus  
  49  3:44  Probe  
  50  3:50  Probe  
  50  3:56  Twilight Council  
  50  3:57  Probe  
  50  4:00  Assimilator  
  50  4:01  Pylon  
  51  4:04  Probe  
  51  4:09  Probe  
  53  4:13  Gateway  
  53  4:16  Gateway, Pylon  
  53  4:22  Gateway  
  53  4:24  Stalker  
  53  4:27  Probe x2  
  57  4:32  Blink (Chrono Boost)  
  57  4:39  Probe  
  57  4:40  Shield Battery, Probe  
  59  4:48  Stalker  
  59  4:51  Probe  
  59  4:52  Probe  
  63  4:55  Probe  
  63  5:03  Probe  
  63  5:04  Probe  
  61  5:07  Probe  
  61  5:09  Stalker  
  61  5:11  Stalker x2  
  68  5:15  Probe  
  68  5:16  Probe  
  68  5:18  Stalker  
  68  5:19  Probe  
  73  5:27  Probe  
  73  5:28  Probe  
  75  5:31  Probe  
  75  5:32  Stalker  
  78  5:36  Pylon  
  78  5:39  Probe, Pylon  
  79  5:46  Probe  
  79  5:47  Assimilator  
  79  5:52  Stalker  
  79  5:54  Probe  
  79  5:56  Stalker  
  79  5:57  Forge, Stalker x2  
  86  6:00  Probe  
  86  6:01  Charge (Chrono Boost)  
  86  6:02  Probe  
  90  6:07  Probe  
  90  6:11  Gateway  
  91  6:14  Gateway, Stalker  
  91  6:16  Gateway  
  91  6:17  Gateway  
  93  6:20  Nexus  
  93  6:21  Protoss Ground Weapons Level 1 (Chrono Boost)  
  93  6:24  Pylon  
  93  6:41  Gateway  
  93  6:42  Probe x3  
  93  6:45  Stalker x2  
  100  6:54  Probe  
  100  6:55  Shield Battery  
  100  6:57  Pylon x2  
  100  6:58  Photon Cannon  
  101  7:02  Pylon  
  101  7:06  Robotics Facility  
  101  7:15  Probe x3, Pylon  
  104  7:16  Zealot x6  
  116  7:25  Templar Archives  
  116  7:27  Probe  
  116  7:28  Forge  
  117  7:37  Oracle  
  120  7:38  Probe  
  120  7:40  Probe x3  
  120  7:44  Assimilator  
  124  7:46  Assimilator  
  124  7:50  Probe  
  124  7:51  Pylon  
  125  7:52  Probe x3  
  125  7:54  Warp Prism (Chrono Boost)  
  128  8:00  Pylon  
  128  8:01  High Templar x4  
  128  8:02  Zealot x5, Probe  
  128  8:05  Archon  
  147  8:06  Archon  
  147  8:09  Protoss Shields Level 1 (Chrono Boost)  
  147  8:15  Protoss Ground Weapons Level 2 (Chrono Boost)  
  147  8:17  Photon Cannon  
  147  8:18  Shield Battery  
  147  8:29  Probe  
  147  8:30  Pylon  
  148  8:35  Nexus  
  148  8:38  Pylon  
  148  8:43  Zealot x8  
  163  9:03  High Templar x2  
  163  9:04  High Templar x2  
  163  9:08  Pylon x3  
  171  9:10  Pylon  
  171  9:11  Archon x2, Photon Cannon, Pylon  
  171  9:13  Pylon  
  171  9:25  Phoenix (Chrono Boost)  
  167  9:32  Zealot x3  
  167  9:33  Zealot x2  
  167  9:36  Zealot x2  
  167  9:37  Probe  
  182  9:39  Zealot x2  
  182  9:44  Phoenix  
  186  9:46  Nexus  
  186  9:48  Pylon  
  160  9:53  Zealot x4  
  154  10:00  Zealot  
  154  10:01  Stalker  
  154  10:02  Zealot x2, Stalker x2  
  154  10:03  Probe  
  154  10:05  Probe x2  
  151  10:09  Probe  
  146  10:15  Probe, High Templar x2  
  146  10:16  High Templar x2  
  146  10:17  Probe  
  146  10:18  Probe  
  145  10:21  Unknown  
  145  10:24  Assimilator  
  137  10:28  Assimilator  
  137  10:31  Archon  
  137  10:32  Archon  
  137  10:33  Zealot x5  
  137  10:34  Nexus  
  147  10:38  Gateway  
  147  10:41  Gateway  
  147  10:48  Zealot x4  
  155  10:53  Zealot x2, Pylon  
  155  10:54  Zealot  
  161  11:02  High Templar  
  161  11:03  High Templar  
  164  11:08  Zealot x2  
  155  11:20  High Templar x4  
  152  11:26  Probe  
  152  11:31  Phoenix (Chrono Boost), Archon x2  
  151  11:35  Stalker x3  
  151  11:36  Stalker x4  
  151  11:39  Probe  
  158  11:40  Probe  
  149  11:53  Probe, Stalker x3  
  150  11:57  Stalker  
  150  12:01  Stalker x6  
  138  12:02  Zealot  
  138  12:03  Probe  
  120  12:10  Probe  
  120  12:13  Probe  
  105  12:19  Probe, Stalker x2  
  105  12:21  Probe  
  109  12:23  Probe  
  109  12:25  Stalker  
  109  12:26  Stalker x2  
  113  12:34  Stalker  
  113  12:35  Probe  
  113  12:42  Stalker x2  
  116  12:46  Stalker  
  116  12:49  Probe (Chrono Boost)  
  119  12:54  Archon, Probe (Chrono Boost)  
  119  12:55  Probe (Chrono Boost)  
  119  12:58  Probe x2 (Chrono Boost)  
  116  13:01  Photon Cannon  
  116  13:02  Probe x2 (Chrono Boost)  
  116  13:03  Probe (Chrono Boost)  
  119  13:07  Stalker x4  
  119  13:08  Probe  
  125  13:12  Photon Cannon  
  125  13:13  Probe x2  
  125  13:15  Probe  
  128  13:20  Probe, Stalker  
  128  13:25  Probe x2  
  133  13:27  Probe  
  133  13:30  Shield Battery  
  133  13:33  Probe  
  135  13:37  Probe  
  135  13:38  Pylon  
  135  13:41  Probe  
  137  13:42  Pylon  
  137  13:43  Probe  
  137  13:44  Zealot  
  137  13:45  Zealot x4  
  137  13:48  Probe  
  149  13:51  Probe  
  148  14:01  Stalker  
  144  14:07  Stalker x6  
  144  14:08  Probe  
  140  14:15  Stalker x2  
  134  14:21  Stalker  
  131  14:24  Stalker  
  131  14:30  Probe  
  130  14:33  Probe x2  
  130  14:34  Zealot x5  
  130  14:36  Probe  
  135  14:41  Shield Battery  
  135  14:42  Probe, Photon Cannon  
  135  14:45  Probe x2  
  137  14:48  Probe  
  137  14:50  Stalker x3  
  138  14:54  Probe  
  138  14:59  Probe  
  136  15:00  Probe x2  
  136  15:06  Shield Battery  
  138  15:09  Photon Cannon, Probe  
  138  15:11  Templar Archives  
  139  15:16  Probe  
  132  15:25  Probe  
  128  15:28  Stalker x4  
  128  15:30  Probe  
  128  15:33  Probe  
  137  15:36  Probe  
  137  15:39  Probe  
  137  15:42  Probe  
  126  15:47  Stalker  
  127  15:55  Stalker x2  
  127  15:57  Probe  
  122  15:59  Probe  
  122  16:02  Stalker  
Show
View Real Time Build Order
Export as new Build Order

Bly Zerg - Winner!

Build Orders: Hatch First 

Get SALT Encoding   

  12  0:00  Drone  
  13  0:12  Overlord  
  13  0:18  Drone  
  14  0:30  Drone x2  
  16  0:47  Hatchery  
  15  0:51  Drone  
  15  0:54  Drone  
  17  0:58  Drone  
  18  1:08  Extractor  
  17  1:13  Spawning Pool  
  17  1:16  Drone  
  17  1:19  Drone  
  18  1:27  Drone  
  19  1:39  Drone  
  20  1:50  Overlord  
  20  2:00  Queen x2  
  25  2:01  Zergling x4  
  26  2:12  Drone x2  
  26  2:14  Metabolic Boost  
  28  2:25  Drone x2  
  30  2:35  Hatchery  
  29  2:40  Queen  
  31  2:51  Drone x2, Overlord  
  33  2:56  Overlord  
  33  3:04  Drone x4  
  36  3:16  Zergling x6  
  36  3:17  Zergling x4  
  40  3:25  Overlord  
  40  3:26  Queen  
  42  3:30  Drone x2  
  44  3:39  Queen, Drone x2  
  48  3:52  Evolution Chamber  
  47  3:58  Drone x3  
  47  3:59  Drone x6  
  55  4:08  Zergling x6  
  57  4:12  Spore Crawler  
  57  4:13  Spore Crawler  
  57  4:16  Lair  
  55  4:21  Drone x2  
  57  4:25  Overlord x2  
  56  4:38  Drone  
  56  4:39  Spore Crawler  
  56  4:40  Zerg Melee Weapons Level 1, Overlord x2  
  56  4:51  Drone x8  
  62  5:04  Zergling x18  
  69  5:12  Drone x2  
  71  5:15  Extractor  
  71  5:17  Drone  
  71  5:18  Roach Warren  
  70  5:29  Overlord  
  70  5:31  Zergling x14  
  70  5:33  Hatchery  
  75  5:40  Overlord  
  74  5:53  Drone x3  
  74  5:54  Drone x11  
  74  5:56  Extractor  
  85  6:01  Glial Reconstitution  
  84  6:12  Extractor  
  84  6:13  Drone x3  
  84  6:14  Overlord x2  
  86  6:20  Hatchery, Extractor  
  86  6:21  Extractor  
  83  6:27  Hatchery  
  83  6:28  Roach x2  
  83  6:29  Roach x4  
  92  6:40  Drone x3  
  92  6:41  Zerg Melee Weapons Level 2  
  92  6:42  Zergling x8  
  92  6:43  Zergling x2  
  95  6:57  Baneling Nest  
  95  7:00  Zergling x18  
  102  7:05  Drone x5  
  107  7:09  Ravager x5  
  107  7:12  Overseer  
  107  7:14  Zergling x10  
  117  7:15  Spore Crawler  
  117  7:20  Drone  
  117  7:21  Drone x3  
  118  7:40  Centrifugal Hooks  
  118  7:43  Drone x12  
  130  7:47  Spire, Extractor x2  
  130  7:50  Infestation Pit  
  126  7:52  Zergling x10  
  131  8:03  Overlord  
  131  8:04  Overlord x7  
  130  8:17  Baneling x4  
  125  8:21  Zergling x12  
  125  8:22  Zergling x8  
  125  8:25  Drone x5  
  139  8:30  Spine Crawler  
  139  8:31  Hive, Spine Crawler  
  139  8:32  Spine Crawler  
  134  8:42  Zergling x28  
  134  8:43  Zergling x2  
  149  8:48  Drone x2  
  149  8:49  Drone x4  
  152  9:16  Baneling x6  
  152  9:17  Baneling x8  
  148  9:24  Zerg Flyer Weapons Level 1  
  148  9:26  Zergling x34  
  148  9:27  Zergling x24  
  167  9:37  Zergling x14  
  146  9:53  Drone x3  
  146  9:59  Roach x14  
  148  10:15  Drone x4  
  148  10:16  Drone x2  
  146  10:30  Mutalisk x6  
  146  10:31  Hatchery, Mutalisk x5  
  167  10:50  Mutalisk x9  
  167  10:55  Baneling x11  
  167  11:18  Zergling x34  
  174  11:26  Baneling x8  
  174  11:27  Zergling x2  
  174  11:28  Zergling x4  
  177  11:33  Zerg Flyer Weapons Level 2  
  177  11:38  Ravager x7  
  182  11:49  Baneling x8  
  175  12:00  Zergling x32  
  147  12:23  Mutalisk x5  
  153  12:43  Mutalisk x3  
  153  12:44  Mutalisk  
  157  13:07  Zergling x42  
  157  13:08  Overlord  
  176  13:30  Mutalisk x7  
  176  13:32  Overlord x2  
  188  13:43  Hatchery  
  187  13:50  Overlord  
  164  14:12  Mutalisk x7  
  166  14:20  Zergling x26  
  161  14:43  Zergling x20  
  161  14:45  Baneling x17  
  171  14:51  Baneling x9  
  163  15:07  Zergling x32  
  173  15:21  Zergling x10  
  173  15:22  Zergling x22  
  173  15:27  Hatchery  
  186  15:34  Drone x5  
  173  15:55  Baneling x15  
Tags
 
Add a new tag
Caveats
  • Supply blocks, unpowered buildings, or Contaminate may cause inaccurate times.
  • Supply counts are checked every 10 seconds.